 Dungeon Crawl Stone Soup version 0.30-a0-883-g5ad918d77d (webtiles) character file.

Game seed: 4223040478221941767

14269 Pimp the Blocker (level 12, -1/99 HPs)
             Began as a Formicid Fighter on Mar 15, 2023.
             Was the Champion of Okawaru.
             Slain by Snorg (7 damage)
             ... on level 10 of the Dungeon.
             The game lasted 00:23:11 (11545 turns).

Pimp the Blocker (Formicid Fighter)                Turns: 11545, Time: 00:23:12

Health: -1/99      AC: 20    Str: 25    XL:     12   Next: 43%
Magic:  18/18      EV:  9    Int:  9    God:    Okawaru [******]
Gold:   969        SH:  8    Dex: 19    Spells: 20/20 levels left

rFire   . . .      SeeInvis +    s - +8 war axe (spect)
rCold   + . .      Faith    +    c - +0 buckler
rNeg    . . .      Spirit   .    B - +0 plate armour
rPois   +          Reflect  .    (helmet unavailable)
rElec   .          Rampage  .    (no cloak)
rCorr   .                        n - +1 pair of gloves
Will    +....                    H - +2 pair of boots Stlth
                                 E - amulet of faith
HPRegen 0.36/turn                j - ring of poison resistance
MPRegen 0.16/turn                F - +6 ring of dexterity

@: no status effects
A: permanent stasis, dig shafts and tunnels, antennae 3, four strong arms, cold
resistance 1, wild magic 1
a: Dig, Shaft Self, Renounce Religion, Heroism, Finesse, Duel


You were on level 10 of the Dungeon.
You worshipped Okawaru.
Okawaru was exalted by your worship.
You visited 2 branches of the dungeon, and saw 11 of its levels.
You also visited: Ossuary and Bailey.

You collected 969 gold pieces.

Inventory:

Hand Weapons
 a - a +1 war axe
 s - a +8 spectral war axe (weapon)
Missiles
 y - 3 datura-tipped darts
 I - a throwing net
Armour
 b - a +0 scale mail
 c - a +0 buckler (worn)
 n - a +1 pair of gloves (worn)
 r - a +0 chain mail
 B - a +0 plate armour (worn)
 H - a +2 pair of boots (worn)
Jewellery
 j - a ring of poison resistance (left hand)
 p - a ring of magical power
 x - a ring of positive energy
 E - an amulet of faith (around neck)
 F - a +6 ring of dexterity (right hand)
 G - a ring of ice
Wands
 m - a wand of flame (46) (quivered)
 v - a wand of roots (6)
 J - a wand of mindburst (6)
Scrolls
 f - 3 scrolls of amnesia
 g - 6 scrolls of teleportation
 i - 16 scrolls of identify
 k - 2 scrolls of silence
 t - 3 scrolls of magic mapping
 A - a scroll of fear
 C - 2 scrolls of enchant armour
Potions
 d - a potion of might
 e - 3 potions of attraction
 h - 4 potions of haste
 l - 2 potions of magic
 o - 6 potions of curing
 q - 3 potions of flight
 u - 2 potions of heal wounds
 w - 4 potions of lignification
 z - 2 potions of ambrosia
 D - 2 potions of invisibility
 K - a potion of mutation


   Skills:
 + Level 10.6 Fighting
 + Level 9.4 Axes
 + Level 10.6 Armour
 + Level 3.9 Dodging
 + Level 12.4 Shields
 + Level 4.6 Spellcasting


You had 20 spell levels left.
You didn't know any spells.
Your spell library contained the following spells:

 Spells                   Type           Power      Damage    Failure   Level
 Beastly Appendage        Tmut           4%         N/A       98%         1
 Necrotise                Necr           8%         1d4       98%         1
 Poisonous Vapours        Pois/Air       4%         N/A       99%         2
 Wereblood                Tmut           2%         N/A       99%         2
 Confusing Touch          Hex            2%         N/A       100%        3
 Hailstorm                Conj/Ice       2%         3d3       100%        3
 Spider Form              Tmut/Pois      2%         N/A       100%        3
 Vampiric Draining        Necr           2%         2d6       100%        3
 Ice Form                 Ice/Tmut       2%         N/A       100%        4
 Agony                    Necr           2%         N/A       100%        5
 Storm Form               Tmut/Air       1%         N/A       100%        7
 Simulacrum               Ice/Necr       Unusable   N/A       N/A         6

Dungeon Overview and Level Annotations

Branches:
Dungeon (10/15)            Temple (1/1) D:4         Ossuary (visited)
 Bailey (visited)
   Lair: D:8-11         Orc: D:9-12

Altars:
Dithmenos
Elyvilon
Fedhas
Gozag
Makhleb
Nemelex Xobeh
Okawaru
Ru
Trog
Vehumet
Wu Jian
Yredelemnul
The Shining One

Shops:
D:4 **   D:5 =

Annotations:
D:10 Snorg


Innate Abilities, Weirdness & Mutations

You cannot be hasted, slowed, berserked, paralysed or teleported.
You can dig through walls and to a lower floor.
You have a pair of large antennae on your head. (SInv)
Your four strong arms can wield two-handed weapons with a shield.
Your flesh is cold resistant. (rC+)
Your spells are a little harder to cast, but a little more powerful.


Message History

Snorg claws you! Snorg claws you.
You slice Snorg!!
Snorg is heavily wounded.
Your +8 spectral war axe hits Snorg!
Snorg bites you! Snorg claws you! x2
* * * LOW HITPOINT WARNING * * *
Snorg rages.
Snorg bites you but does no damage. Snorg claws you but does no damage.
Snorg claws you!
* * * LOW HITPOINT WARNING * * *
You hear a bellow! x2
Snorg barely misses you. x2; Snorg claws you.
Keep disrobing? [Y]es or [N]o only, please.
Keep disrobing? [Y]es or [N]o only, please.
Keep disrobing?
You stop removing your armour.
* * * LOW HITPOINT WARNING * * *
Okay, then.
Okay, then.
You can't see any enemies this would affect, really read the scroll of fear?
Okay, then.
You feel much better. Snorg bites you.
* * * LOW HITPOINT WARNING * * *
You block Snorg's attack. x2; Snorg bites you!
* * * LOW HITPOINT WARNING * * *
Snorg claws you.
* * * LOW HITPOINT WARNING * * *
You block Snorg's attack.
You feel much better. Snorg bites you!
* * * LOW HITPOINT WARNING * * *
Snorg barely misses you. You block Snorg's attack.
You slash Snorg!
Snorg is severely wounded.
Snorg closely misses you. Snorg claws you!
* * * LOW HITPOINT WARNING * * *
You block Snorg's attack.
A kobold comes into view.
It is wielding a +2 short sword of freezing.
Snorg bites you!
You die...

.......# # ...
###.#### #.# ...
#.#### #.# #.# ##
#.##.. ....#....
###.##.# #.#.#.#.
(..[##.# #.# .?.
###.##.# #.# #?#
###.##.#######.###K#
{
................@T.#
{
###.##.#........####
#.##.#.#####..# {{
#.##.#.# #..#
#.##.#.# #..#
..##.#.# #.##
####.#.# #.# #.#..
..#


You could see Snorg (berserk) and a kobold.

Vanquished Creatures
  Gastronok (D:9)
  Harold (D:9)
  2 vault guards (Bailey)
  3 two-headed ogres (D:9)
  Pikel (D:5)
  The ghost of viagra the Trooper, a novice BaBe of Trog (D:7)
  An ugly thing (D:7)
  6 gargoyles (D:7)
  Prince Ribbit (Bailey)
  A slime creature (D:7)
  Sigmund (D:4)
  A wraith (D:9)
  4 humans (Bailey)
  2 wyverns (D:9)
  A steam dragon (D:9)
  Edmund (D:4)
  An acid dragon (D:9)
  Duvessa (D:7)
  3 black bears
  2 ice beasts
  2 sky beasts (D:8)
  2 ogres
  7 centaurs
  A phantom (D:4)
  3 kobold brigands
  A lemure (D:5)
  14 bullfrogs
  3 scorpions
  2 gnoll sergeants (D:6)
  3 wights (D:7)
  Dowan (D:7)
  A killer bee (D:9)
  4 howler monkeys
  A jelly (D:5)
  8 hounds
  Crazy Yiuf (D:7)
  An orc priest (D:6)
  4 gnoll boudas
  2 sleepcaps (D:7)
  12 orc wizards
  Ijyb (D:5)
  An iguana (D:5)
  3 mummies (Ossuary)
  22 gnolls
  6 adders
  A shadow imp (D:8)
  3 white imps
  A worm (D:2)
  2 dart slugs
  26 orcs
  3 ball pythons
  6 endoplasms
  7 giant cockroaches
  A gnoll zombie (Ossuary)
  17 goblins
  16 hobgoblins
  2 jackals (D:1)
  5 quokkas
  6 bats
  6 frilled lizards
  2 goblin zombies (Ossuary)
  5 hobgoblin zombies (Ossuary)
  31 kobolds
  4 kobold zombies (Ossuary)
  4 quokka zombies (Ossuary)
  6 rats
  2 rat zombies (Ossuary)
297 creatures vanquished.

Vanquished Creatures (others)
  2 fungi (D:7)
  6 plants
8 creatures vanquished.

Grand Total: 305 creatures vanquished

Notes
Turn   | Place    | Note
-------+----------+-------------------------------------------
     0 | D:1      | Pimp the Formicid Fighter began the quest for the Orb.
     0 | D:1      | Reached XP level 1. HP: 18/18 MP: 1/1
     0 | D:1      | Noticed an orb of fire
     0 | D:1      | Noticed a shadow dragon
     1 | D:1      | Noticed a green draconian
     3 | D:1      | Noticed a tentacled monstrosity
     3 | D:1      | Noticed a tentacled monstrosity
     6 | D:1      | Noticed an orb of fire
     7 | D:1      | Noticed an orb of fire
     8 | D:1      | Noticed an orb of fire
    10 | D:1      | Noticed a large abomination
    12 | D:1      | Noticed a white draconian
    14 | D:1      | Noticed a shadow dragon
    14 | D:1      | Noticed an iron dragon
    14 | D:1      | Noticed an orb of fire
    16 | D:1      | Noticed an iron dragon
    16 | D:1      | Noticed an orb of fire
    18 | D:1      | Noticed a red draconian
    18 | D:1      | Noticed a shadow dragon
    20 | D:1      | Noticed a shadow dragon
    83 | D:1      | Reached XP level 2. HP: 24/24 MP: 2/2
    85 | D:1      | Found a faded altar of an unknown god.
   182 | D:1      | Reached XP level 3. HP: 23/29 MP: 3/3
   489 | D:1      | Reached XP level 4. HP: 37/37 MP: 4/4
  1547 | D:3      | Reached XP level 5. HP: 40/42 MP: 5/5
  1708 | D:3      | Reached skill level 5 in Shields
  2277 | D:3      | Reached XP level 6. HP: 49/49 MP: 6/6
  2334 | D:3      | Found a white marble altar of Elyvilon.
  2627 | D:4      | Found a staircase to the Ecumenical Temple.
  2639 | Temple   | Entered the Ecumenical Temple
  2756 | Temple   | Became a worshipper of Warmaster Okawaru
  2826 | D:4      | Found Ranoant's General Store.
  2826 | D:4      | Found Yrivougo's Specific Store.
  3018 | D:4      | Reached XP level 7. HP: 49/55 MP: 7/7
  3079 | D:4      | Reached skill level 5 in Fighting
  3079 | D:4      | Reached skill level 5 in Armour
  3079 | D:4      | Reached skill level 6 in Shields
  3243 | D:4      | Noticed Edmund
  3252 | D:4      | Killed Edmund
  3252 | D:4      | Reached * piety under Okawaru
  3366 | D:4      | Noticed Sigmund
  3383 | D:4      | Killed Sigmund
  3384 | D:4      | Reached XP level 8. HP: 22/64 MP: 8/8
  3632 | D:5      | Entered Level 5 of the Dungeon
  3649 | D:5      | Reached skill level 7 in Shields
  3746 | D:5      | You fall into a shaft and drop 2 floors!
  4035 | D:7      | Noticed Duvessa
  4035 | D:7      | Noticed Dowan
  4046 | D:7      | Killed Duvessa
  4047 | D:7      | Reached skill level 5 in Axes
  4055 | D:7      | Killed Dowan
  4309 | D:7      | Reached ** piety under Okawaru
  4503 | D:7      | Reached skill level 8 in Shields
  4503 | D:7      | Reached XP level 9. HP: 23/71 MP: 9/9
  4713 | D:7      | Found a runed translucent gate.
  4736 | D:6      | Found a sand-covered staircase.
  4743 | Ossuary  | Entered an ossuary
  5543 | D:5      | Found a basalt altar of Yredelemnul.
  5557 | D:5      | Found Goichoow's Jewellery Shop.
  5756 | D:5      | Noticed Pikel
  5764 | D:5      | Killed Pikel
  5764 | D:5      | Reached *** piety under Okawaru
  5765 | D:5      | Reached skill level 9 in Shields
  5962 | D:5      | Found a bloodstained altar of Trog.
  6062 | D:5      | Noticed Ijyb
  6070 | D:5      | Killed Ijyb
  6123 | D:5      | Gained mutation: Your spells are a little harder to cast,
                  | but a little more powerful. [potion of mutation]
  6123 | D:5      | Gained mutation: Your flesh is cold resistant. (rC+)
                  | [potion of mutation]
  6651 | D:6      | Reached XP level 10. HP: 80/80 MP: 10/10
  6678 | D:6      | Reached **** piety under Okawaru
  7165 | D:6      | Reached skill level 10 in Shields
  7589 | D:7      | Found a runed translucent gate.
  7590 | D:7      | Found a runed translucent gate.
  7590 | D:7      | Found an opulent altar of Gozag.
  7591 | D:7      | Noticed a brown ugly thing
  7592 | D:7      | Noticed viagra's ghost (novice BaBe)
  7631 | D:7      | Noticed a gargoyle
  7631 | D:7      | Noticed a gargoyle
  7634 | D:7      | Killed a gargoyle
  7634 | D:7      | Noticed a gargoyle
  7640 | D:7      | Killed a gargoyle
  7641 | D:7      | Killed a gargoyle
  7791 | D:7      | Noticed a gargoyle
  7794 | D:7      | Killed a gargoyle
  7794 | D:7      | Reached ***** piety under Okawaru
  7801 | D:7      | Noticed a gargoyle
  7807 | D:7      | Killed a gargoyle
  8096 | D:7      | Noticed a gargoyle
  8102 | D:7      | Killed a gargoyle
  8103 | D:7      | Reached skill level 11 in Shields
  8103 | D:7      | Reached XP level 11. HP: 28/89 MP: 11/11
  8519 | D:7      | Found a runed translucent door.
  8520 | D:7      | Noticed Crazy Yiuf
  8525 | D:7      | Killed Crazy Yiuf
  8589 | D:7      | Killed a brown ugly thing
  8589 | D:7      | Killed viagra's ghost
  8590 | D:7      | Reached skill level 1 in Dodging
  8590 | D:7      | Reached skill level 1 in Spellcasting
  8815 | D:8      | Found a shadowy altar of Dithmenos.
  9042 | D:8      | Found a flagged portal.
  9056 | Bailey   | Entered a bailey
  9136 | Bailey   | Noticed Prince Ribbit
  9138 | Bailey   | Noticed a vault guard
  9170 | Bailey   | Killed Prince Ribbit
  9173 | Bailey   | Killed a vault guard
  9173 | Bailey   | Reached ****** piety under Okawaru
  9173 | Bailey   | Received a gift from Okawaru
  9310 | Bailey   | Received a gift from Okawaru
  9311 | Bailey   | Reached skill level 10 in Fighting
  9403 | Bailey   | Noticed a vault guard
  9412 | Bailey   | Killed a vault guard
  9413 | Bailey   | Reached skill level 10 in Armour
  9704 | D:8      | Found a burning altar of Makhleb.
  9955 | D:8      | Found a glowing golden altar of the Shining One.
 10110 | D:9      | Noticed a two-headed ogre
 10116 | D:9      | Killed a two-headed ogre
 10375 | D:9      | Noticed Harold
 10387 | D:9      | Killed Harold
 10388 | D:9      | Reached skill level 12 in Shields
 10388 | D:9      | Reached XP level 12. HP: 57/97 MP: 17/17
 10564 | D:9      | Got the Compilation of Fetching Gases
 10830 | D:9      | Noticed Gastronok
 10837 | D:9      | Killed Gastronok
 10837 | D:9      | Received a gift from Okawaru
 10948 | D:9      | Noticed a two-headed ogre
 10954 | D:9      | Killed a two-headed ogre
 11004 | D:9      | Noticed a two-headed ogre
 11012 | D:9      | Killed a two-headed ogre
 11487 | D:10     | Entered Level 10 of the Dungeon
 11529 | D:10     | Noticed Snorg
 11542 | D:10     | HP: 4/99 [Snorg (5)]
 11545 | D:10     | Slain by Snorg

Illustrated notes

Levels and vault maps discovered:
D:1:      shiori_arrival_whats_in_store_for_you, layout_basic,
          shapermc_ecumenical_altar_pompeii, nrook_campfire,
          minmay_misc_feat_diagonals, minmay_worlds_worst_comb
D:2:      layout_basic, kennysheep_nondescript, minmay_indecisive_spiral
D:3:      layout_basic, elyvilon_altar_5
D:4:      layout_cave_pools, minmay_temple_entry_overgrown,
          chequers_serial_rivers_micro_c, hangedman_abyss_or_decor_slice,
          nicolae_specific_store, sigmund_edmund_badplayer
D:5:      layout_cave_pods, trog_book, mainiacjoe_overflow_boulevard,
          serial_shops, shop, uniq_pikel, uniq_ijyb
D:6:      kennysheep_housing_project, layout_layer_cave,
          chequers_ossuary_entry_cave, nicolae_figureground_pulse
D:7:      cheibrodos_statue_roulette, layout_rooms, ebering_ghost_gozag,
          uniq_crazy_yiuf_cottage, uniq_duvessa
D:8:      layout_basic, tso_altar, mainiacjoe_overflow_large_starburst,
          enter_bailey_5
D:9:      layout_irregular_city, kennysheep_dice, uniq_harold, uniq_gastronok
D:10:     layout_loops_ring, dpeg_lair_monsters, nicolae_trove_entry_diagonal,
          uniq_snorg, uniq_erolcha
Temple:   nicolae_temple_superstar

Skill      XL: |  1  2  3  4  5  6  7  8  9 10 11 12 |
---------------+-------------------------------------+-----
Armour         | 4 5 6 7 9 10 | 10.6
Fighting       | 4 5 6 7 9 10 | 10.6
Shields        | 5 6 8 9 11 12 | 12.4
Axes           | 3 4 5 6 8 9 |  9.4
Dodging        | 3 |  3.9
Spellcasting   | 3 4 |  4.6

Action                     |  1- 3 |  4- 6 |  7- 9 | 10-12 || total
---------------------------+-------+-------+-------+-------++-------
  Melee: War axe           |    74 |   189 |   197 |   227 ||   687
  Throw: Boomerang         |       |       |       |     4 ||     4
  Evoke: Wand              |       |       |       |     5 ||     5
    Use: Scroll            |       |     6 |    22 |     8 ||    36
         Potion            |       |     2 |     2 |     5 ||     9
   Stab: Invisible         |       |       |       |     2 ||     2
 Armour: Scale mail        |    39 |   108 |     5 |       ||   152
         Chain mail        |       |       |    97 |    77 ||   174
         Plate armour      |       |       |       |    32 ||    32
  Dodge: Dodged            |    39 |   105 |    92 |    76 ||   312
  Block: Buckler           |    31 |    68 |    80 |    93 ||   272

Table legend: (Time is in decaauts)
 A = Elapsed time spent in this place.
 B = Non-inter-level travel time spent in this place.
 C = Inter-level travel time spent in this place.
 D = Time resting spent in this place.
 E = Time spent auto-exploring this place.
 F = Levels seen in this place.
 G = Mean time per level.
                   A        B        C        D        E       F      G
               +--------+--------+--------+--------+--------+-----+--------+
         Total |  11722 |  11195 |    527 |   2987 |   5885 |  13 |  901.7 |
       Dungeon |  10605 |  10097 |    508 |   2426 |   5701 |  10 | 1060.5 |
        Temple |    132 |    113 |     19 |     97 |      0 |   1 |  132.0 |
       Ossuary |    459 |    459 |      0 |    306 |      7 |   1 |  459.0 |
        Bailey |    524 |    524 |      0 |    158 |    177 |   1 |  524.0 |
               +--------+--------+--------+--------+--------+-----+--------+

Top non-repeatable levels by time:
     D:7: 2227 daAuts
     D:9: 1425 daAuts
     D:6: 1363 daAuts
     D:3: 1247 daAuts
     D:5: 1083 daAuts
     D:1: 947 daAuts
     D:4: 932 daAuts
     D:8: 833 daAuts
  Bailey: 524 daAuts
     D:2: 485 daAuts
 Ossuary: 459 daAuts
  Temple: 132 daAuts
    D:10: 58 daAuts
